 Dungeon Crawl Stone Soup version 0.28.0-53-g5a82cb258f (webtiles) character file.

Game seed: 2347584776399494129

588 Zeld the Chopper (level 7, -1/58 (64) HPs)
             Began as a Minotaur Berserker on May 23, 2022.
             Was a Believer of Trog.
             Slain by an orc
             ... wielding a staff of cold
              (3 damage)
             ... on level 5 of the Dungeon.
             The game lasted 00:03:54 (5759 turns).

Zeld the Chopper (Minotaur Berserker)               Turns: 5759, Time: 00:03:54

HP:   -1/58 (64)    AC:  2    Str: 23    XL:     7   Next: 15%
MP:   6/6           EV: 12    Int:  4    God:    Trog [**....]
Gold: 79            SH:  0    Dex: 10    Spells: 6/6 levels left

rFire   . . .      SeeInvis .   d - +2 mace (venom)
rCold   . . .      Faith    .   (no shield)
rNeg    . . .      Spirit   .   b - +0 animal skin
rPois   .          Reflect  .   (helmet restricted)
rElec   .          Harm     .   (no cloak)
rCorr   .          Rampage  .   (no gloves)
Will    .....                   (no boots)
Stlth   +.........              (no amulet)
HPRegen 0.19/turn               (no ring)
MPRegen 0.10/turn               (no ring)

@: drained
A: horns 2, retaliatory headbutt
a: Renounce Religion, Berserk, Trog's Hand


You were on level 5 of the Dungeon.
You worshipped Trog.
Trog was pleased with you.
You visited 1 branch of the dungeon, and saw 5 of its levels.

You collected 347 gold pieces.
You spent 268 gold pieces at shops.

Inventory:

Hand Weapons
 a - a +0 hand axe
 d - a +2 mace of venom (weapon)
Armour
 b - a +0 animal skin (worn)
Wands
 k - a wand of charming (7)
 t - a wand of iceblast (8)
Scrolls
 e - a scroll of fear
 f - 2 scrolls of teleportation
 i - a scroll of silence
 j - a scroll of magic mapping
 q - a scroll of blinking
 r - 2 scrolls of enchant weapon
 s - a scroll of holy word
 u - a scroll of enchant armour
 v - a scroll of summoning {unknown}
Potions
 c - 2 potions of flight {unknown}
 h - 2 potions of haste {unknown}
 l - 4 potions of lignification {unknown}
 m - a potion of might {unknown}
 n - a potion of curing {unknown}
 o - a potion of mutation {unknown}
 p - 2 potions of brilliance {unknown}


   Skills:
 * Level 6.4 Fighting
 * Level 6.5 Axes
 + Level 4.3 Armour
 + Level 4.0 Dodging


You had 6 spell levels left.
You didn't know any spells.
Your spell library was empty.

Dungeon Overview and Level Annotations

Branches:
Dungeon (5/15)
 Temple: D:4-7

Altars:

Shops:
D:3 *:[?

Annotations:
D:5 Dowan, Duvessa


Innate Abilities, Weirdness & Mutations

You have a pair of horns on your head.
You reflexively headbutt those who attack you in melee.


Message History

The orc shouts!
Dowan zaps a wand.
The puff of flame hits you!
There are monsters nearby!
Dowan points at you and mumbles some strange words.
The puff of frost hits you!
There are monsters nearby!
Unknown command.
You hit Duvessa.
Duvessa is lightly wounded.
Duvessa hits you with a +0 rapier of draining.
You feel drained.
You hit Duvessa.
Duvessa is poisoned.
Duvessa is lightly wounded.
Duvessa misses you.
Duvessa hits you with a +0 rapier of draining.
You feel drained.
You closely miss Duvessa.
Duvessa is moderately wounded.
The orc hits you with a staff of cold.
Duvessa hits you with a +0 rapier of draining!
You feel drained.
You hit Duvessa but do no damage. You headbutt Duvessa.
Duvessa is heavily wounded.
The orc barely misses you. Dowan hits you with a +0 dagger.
Duvessa hits you with a +0 rapier of draining.
You feel drained. The orc barely misses you. You furiously retaliate!
You headbutt the orc, but do no damage. Dowan misses you.
You furiously retaliate!
You headbutt Dowan.
Duvessa zaps a wand.
The puff of flame hits you!
* * * LOW HITPOINT WARNING * * *
Unknown command.
Dowan zaps a wand.
The puff of flame hits you.
* * * LOW HITPOINT WARNING * * *
Dowan gestures wildly while chanting.
Dowan blinks!
Duvessa zaps a wand.
The puff of flame hits you!
* * * LOW HITPOINT WARNING * * *
The orc hits you with a staff of cold.
You die...

....##
#...............##
#...#
##...########....#
##..## ##...##
##...#
##..########)..##
##..#
#.........))..#
#..#
##...........##
##..#
#############
##...# #####
##..### #
##.@.#######..##
##
##.o.....##...##
.#
##..#####..#####
.# ##e.## #### .#
##..## .# ##..##
.# ##...# ##
##..### # ##..##


You could see Duvessa (poisoned) and an orc.

Vanquished Creatures
  An ogre (D:4)
  2 scorpions
  A bullfrog zombie (D:5)
  A jelly (D:5)
  2 orc priests
  A centaur skeleton (D:5)
  Terence (D:3)
  2 iguanas (D:4)
  2 howler monkey skeletons (D:5)
  A gnoll (D:1)
  4 adders
  A white imp (D:4)
  5 worms
  2 dart slugs
  9 orcs
  6 endoplasms
  2 giant cockroaches
  8 goblins
  5 hobgoblins
  2 quokkas
  7 ball pythons
  4 bats
  2 frilled lizards
  9 kobolds
  4 rats
84 creatures vanquished.

Vanquished Creatures (others)
  A bush (D:4)
  A fungus (D:2)
  2 plants (D:1)
  6 toadstools (D:2)
10 creatures vanquished.

Grand Total: 94 creatures vanquished

Notes
Turn   | Place    | Note
-------+----------+-------------------------------------------
     0 | D:1      | Zeld the Minotaur Berserker began the quest for the Orb.
     0 | D:1      | Reached XP level 1. HP: 19/19 MP: 0/0
   383 | D:1      | Reached XP level 2. HP: 27/27 MP: 1/1
   452 | D:1      | Found a faded altar of an unknown god.
   772 | D:1      | Reached XP level 3. HP: 31/33 MP: 2/2
  2524 | D:2      | Reached XP level 4. HP: 41/41 MP: 3/3
  2553 | D:2      | Reached ** piety under Trog
  2714 | D:3      | You fall into a shaft and drop 2 floors!
  2714 | D:5      | Entered Level 5 of the Dungeon
  2714 | D:5      | Noticed a scorpion
  2721 | D:5      | Killed a scorpion
  2723 | D:5      | Reached skill level 5 in Fighting
  2723 | D:5      | Reached skill level 5 in Axes
  2723 | D:5      | Reached XP level 5. HP: 37/48 MP: 4/4
  3465 | D:3      | Reached XP level 6. HP: 57/57 MP: 5/5
  3617 | D:3      | Found Yryma's Book Shop.
  3633 | D:3      | Noticed Terence
  3639 | D:3      | Killed Terence
  3922 | D:3      | Found Mufet's Magic Scroll Shop.
  3977 | D:3      | Bought a scroll of magic mapping for 38 gold pieces
  3977 | D:3      | Bought a scroll of identify for 22 gold pieces
  3977 | D:3      | Bought a scroll of identify for 22 gold pieces
  3977 | D:3      | Bought a scroll of identify for 22 gold pieces
  3977 | D:3      | Bought a scroll of blinking for 82 gold pieces
  3981 | D:3      | Found Hirel's Antique Armour Boutique.
  4094 | D:3      | Found Giav's General Store.
  4150 | D:3      | Identified the +0 hunting sling of Calamity {flame, rF+
                  | rCorr Dex+4}
  5228 | D:5      | Reached XP level 7. HP: 50/63 MP: 6/6
  5359 | D:3      | Bought a scroll of enchant weapon for 82 gold pieces
  5736 | D:5      | Noticed Duvessa
  5736 | D:5      | Noticed Dowan
  5758 | D:5      | HP: 2/58 [Duvessa/puff of flame (9)]
  5759 | D:5      | Slain by an orc

Illustrated notes

Levels and vault maps discovered:
D:1:      amcnicky_arrival_wind_blow, layout_loops_corners,
          basic_ecumenical_altar, nicolae_grassy_gnolls
D:2:      layout_basic, minmay_gold_behind_fungi
D:3:      layout_basic, serial_shops, nicolae_shop_behind_doors, shop,
          nicolae_diamond_shop, nicolae_shop_stone, uniq_terence
D:4:      layout_loops_ring, minmay_liquid_box, minmay_misc_feat_rugged,
          minmay_hedge_maze, grunt_ministairs_14, minivault_4
D:5:      layout_layer_cave, uniq_duvessa

Skill      XL: |  1  2  3  4  5  6  7 |
---------------+----------------------+-----
Fighting       | 4 5 6 |  6.4
Axes           | 4 5 6 |  6.5
Armour         | 3 4 |  4.3
Dodging        | 3 4 |  4.0

Action                   |  1- 3 |  4- 6 |  7- 9 || total
-------------------------+-------+-------+-------++-------
Melee: Hand axe          |    13 |       |       ||    13
       Headbutt          |     7 |    16 |     6 ||    29
       Mace              |    55 |    84 |    17 ||   156
       Punch             |       |     1 |     1 ||     2
  Use: Scroll            |       |     8 |       ||     8
Armor: Animal skin       |     7 |     6 |     2 ||    15
Dodge: Dodged            |    43 |    57 |    10 ||   110
